 Dungeon Crawl Stone Soup version 0.23.2-40-g277498a001 (webtiles) character file.

Game seed: 16523134384876592345

454 FishyPogo the Conjurer (level 7, 0/44 HPs)
             Began as an Octopode Conjurer on Aug 17, 2019.
             Succumbed to an orc wizard's poison
             ... on level 4 of the Dungeon.
             The game lasted 00:13:31 (3328 turns).

FishyPogo the Conjurer (Octopode Conjurer)          Turns: 3328, Time: 00:13:31

Health: 0/44       AC:  1    Str:  7    XL:     7   Next: 5%
Magic:  12/12      EV: 16    Int: 19    God:
Gold:   181        SH:  0    Dex: 15    Spells: 4/12 levels left

rFire    . . .     SeeInvis +   a - +3 short sword
rCold    . . .     Gourm    .   (no shield)
rNeg     . . .     Faith    .   (helmet restricted)
rPois    .         Spirit   .   (no amulet)
rElec    .         Reflect  .   g - +2 ring of dexterity
rCorr    .         Harm     .   (no ring)
MR       .....                  c - ring of see invisible
Stlth    +++.......             (no ring)
HPRegen  0.14/turn              (no ring)
MPRegen  0.13/turn              (no ring)
                                (no ring)
                                (no ring)

@: lethally poisoned (0 -> -8), flying
A: almost no armour, stealthy swim, amphibious, 8 rings, constrict 8, camouflage
1, gelatinous body 1
a: no special abilities


You were on level 4 of the Dungeon.
You were not hungry.

You visited 1 branch of the dungeon, and saw 4 of its levels.

You collected 181 gold pieces.

Inventory:

Hand Weapons
 a - a +3 short sword (weapon)
Jewellery
 c - a ring of see invisible (on tentacle)
 g - a +2 ring of dexterity (left tentacle)
Scrolls
 d - a scroll of immolation
 f - 3 scrolls of teleportation
 i - 2 scrolls of amnesia
 j - 4 scrolls of identify
Comestibles
 b - 10 rations
 h - 4 chunks of flesh


   Skills:
 * Level 1.9 Fighting
 * Level 5.0 Dodging
 - Level 3.0 Stealth
 + Level 3.4 Spellcasting
 * Level 5.3 Conjurations


You had 4 spell levels left.
You knew the following spells:

 Your Spells              Type           Power        Failure   Level  Hunger
a - Magic Dart            Conj           ###.         1%          1    None
b - Dazzling Spray        Conj/Hex       ##....       14%         3    ###....
d - Iskenderun's Mystic   Conj           ###.....     16%         4    ####...

Your spell library contained the following spells:

 Spells                   Type           Power        Failure   Level  Hunger
 Searing Ray              Conj           ###...       2%          2    ##.....
 Force Lance              Conj/Tloc      ##......     43%         4    ####...
 Fulminant Prism          Conj/Hex       ##........   43%         4    ####...


Dungeon Overview and Level Annotations

Branches:
Dungeon (4/15)             Temple (0/1) D:4

Altars:
Fedhas
Makhleb

Shops:
D:4 [


Innate Abilities, Weirdness & Mutations

You cannot wear most types of armour.
You are very stealthy in the water. (Stealth+)
You are amphibious.
You can wear up to eight rings at the same time.
You can use your tentacles to constrict eight enemies at once.
Your skin changes colour to match your surroundings (Stealth+).
Your rubbery body absorbs attacks. (AC +1, EV +1)


Message History

You feel sick. The orc wizard barely misses you.
The orc wizard completely misses you.
You hit the orc wizard but do no damage.
The orc wizard is almost dead.
You constrict the orc wizard.
You kill the orc wizard!
Your Dodging skill increases to level 5!
You have reached level 7!
* * * LOW HITPOINT WARNING * * *
You feel sick.
It was a potion of flight.
You feel very buoyant.
You fly up into the air.
* * * LOW HITPOINT WARNING * * *
You feel sick.
You aren't carrying any potions.
Unknown command.
As you read the scroll labeled MUQYXO GAESTRUSAU, it crumbles to dust.
You feel aware of your surroundings.
It was a scroll of magic mapping.
You die...

...# #.###.##.#.#
***,** ...#
###.....##.#.# *,,,*
...# #.....#.##.#.#
*,8,*
...#*#.....#......#
*,,,*
....*#.....####.#####
**,** ...#*#.....#
#......#********,,*
,,** #.....#
#..###....,,,,,,,**
,** #######
#..)#*,*##******** ,*
******#.#@#*,* ,*
#.......)....#
,******#.####.##.####
,*,,,,,,,,,..$*#.#
,*,,,,,,,#....,..#
,*,,,,,,,..##.*###
,,,,,,,,,##*#.*
**,,,,,,,,,,..*
******,,<,,,,*


There were no monsters in sight!

Vanquished Creatures
  A scorpion (D:4)
  3 orc priests
  4 orc wizards
  An iguana (D:4)
  2 worker ants
  3 adders
  5 worms
  A dart slug (D:1)
  4 leopard geckos
  9 orcs
  4 giant cockroaches
  6 goblins
  7 hobgoblins
  3 jackals (D:1)
  2 quokkas (D:3)
  3 bats
  2 frilled lizards
  A jackal skeleton (D:3)
  14 kobolds
  A quokka skeleton (D:4)
  6 rats
82 creatures vanquished.

Notes
Turn   | Place    | Note
-------+----------+-------------------------------------------
     0 | D:1      | FishyPogo the Octopode Conjurer began the quest for the
                  | Orb.
     0 | D:1      | Reached XP level 1. HP: 11/11 MP: 3/3
   454 | D:1      | Reached XP level 2. HP: 16/17 MP: 5/5
   661 | D:1      | Reached XP level 3. HP: 19/21 MP: 2/6
   677 | D:1      | Learned a level 3 spell: Dazzling Spray
   947 | D:2      | Found a blossoming altar of Fedhas.
  1153 | D:2      | Reached XP level 4. HP: 24/27 MP: 2/7
  1388 | D:2      | Found a burning altar of Makhleb.
  1528 | D:3      | Learned a level 4 spell: Iskenderun's Mystic Blast
  1937 | D:3      | Reached XP level 5. HP: 21/31 MP: 3/9
  2701 | D:4      | Reached XP level 6. HP: 29/36 MP: 5/10
  2967 | D:4      | Reached skill level 1 in Fighting
  2967 | D:4      | Reached skill level 5 in Conjurations
  3168 | D:4      | Found Weliol's Antique Armour Boutique.
  3326 | D:4      | Reached skill level 5 in Dodging
  3326 | D:4      | Reached XP level 7. HP: 2/44 MP: 12/12
  3326 | D:4      | HP: 2/44 [poisoned by an orc wizard]
  3328 | D:4      | Succumbed to an orc wizard's poison

Skill      XL: |  1  2  3  4  5  6 |
---------------+-------------------+-----
Stealth        | 3 |  3.0
Dodging        | 3 4 5 |  5.0
Spellcasting   | 3 |  3.4
Fighting       | 1 |  1.9
Conjurations   | 5 |  5.3

Action                   |  1- 3 |  4- 6 |  7- 9 || total
-------------------------+-------+-------+-------++-------
Melee: Dagger            |    15 |       |       ||    15
       Constrict         |    11 |    24 |       ||    35
       Tentacles         |     5 |    14 |       ||    19
       Unarmed           |     2 |       |       ||     2
       Short sword       |    32 |    78 |       ||   110
 Cast: Magic Dart        |    31 |    68 |       ||    99
  Use: Scroll            |       |     6 |     1 ||     7
       Potion            |       |     4 |     1 ||     5
 Stab: Sleeping          |     9 |     2 |       ||    11
  Eat: Chunk             |     1 |     7 |       ||     8
Armor: Skin              |     5 |     3 |       ||     8
Dodge: Dodged            |    34 |    58 |       ||    92
